 Dungeon Crawl Stone Soup version 0.31-a0-232-gb1c03b2570 (webtiles) character file.

Game seed: 2300089432448161914

259 qw the Shooter (level 6, -3/52 HPs)
             Began as a Gargoyle Hexslinger on July 7, 2023.
             Slain by a gnoll
             ... wielding a +0 flail
              (4 damage)
             ... on level 5 of the Dungeon.
             The game lasted 00:00:49 (1988 turns).

qw the Shooter (Gargoyle Hexslinger)                Turns: 1988, Time: 00:00:49

Health: -3/52      AC: 10    Str: 11    XL:     6   Next: 17%
Magic:  7/7        EV: 10    Int: 14    God:
Gold:   65         SH:  0    Dex: 14    Spells: 6/7 levels left

rFire   . . .        Y - +1 sling
rCold   . . .        (no shield)
rNeg    + + .        h - +0 ring mail
rPois   inf          (no helmet)
rElec   +            (no cloak)
rCorr   .            (no gloves)
SInv    .            (no boots)
Will    +....        (no amulet) Stlth
                     g - ring of willpower
HPRegen 0.28/turn    e - ring of positive energy
MPRegen 0.10/turn

%: no passive effects
@: berserking, very quick
A: sickness immunity, AC +4, negative energy resistance 1, electricity
resistance, torment resistance 1, petrification resistance
a: no special abilities


You were on level 5 of the Dungeon.
You visited 1 branch of the dungeon, and saw 4 of its levels.

You collected 89 gold pieces.
You spent 24 gold pieces at shops.


Innate Abilities, Weirdness & Mutations

You are immune to sickness and miasma.
Your stone body is resilient. (AC +4)
You are immune to poison.
You resist negative energy. (rN+)
You are resistant to electric shocks. (rElec)
You are resistant to unholy torment.
You are immune to petrification.


   Skills:
 - Level 2.0 Fighting
 + Level 4.4 Ranged Weapons
 - Level 4.2 Armour
 - Level 1.5 Dodging
 - Level 1.0 Spellcasting
 - Level 2.6 Hexes


You had 6 spell levels left.
You knew the following spells:

 Your Spells              Type           Power      Damage    Failure   Level
a - Slow                  Hex            32%        N/A       19%         1

Your spell library contained the following spells:

 Spells                   Type           Power      Damage    Failure   Level
 Inner Flame              Hex/Fire       4%         N/A       69%         3
 Portal Projectile        Hex/Tloc       8%         N/A       69%         3
 Cause Fear               Hex            4%         N/A       88%         4

Inventory:

Hand Weapons
 Y - a +1 sling (weapon)
Armour
 h - a +0 ring mail (worn)
Jewellery
 e - a ring of positive energy (right hand)
 g - a ring of willpower (left hand)
Scrolls
 j - a scroll of identify
Potions
 a - 3 potions of curing
 b - a potion of might {unknown}
 c - a potion of haste {unknown}
 d - a potion of brilliance {unknown}
 f - a potion of mutation {unknown}
 i - a potion of attraction {unknown}

Dungeon Overview and Level Annotations

Branches:
Dungeon (3/15)

Altars:

Shops:
D:1 *

Annotations:
D:2 1 runed translucent door, Crazy Yiuf


Message History

A gnoll comes into view. It is wielding a +0 flail.
You shoot a sling bullet. The sling bullet hits the gnoll.
The gnoll is severely wounded.
A gnoll comes into view. It is wielding a +0 dagger of chaos.
The gnoll hits you but does no damage.
You shoot a sling bullet. The sling bullet hits the gnoll.
You kill the gnoll!
A gnoll comes into view. It is wielding a +0 spear of chaos.
You shoot a sling bullet.
The sling bullet barely misses the gnoll.
The gnoll misses you.
You shoot a sling bullet.
The sling bullet barely misses the gnoll.
The gnoll hits you but does no damage. x2; The gnoll completely misses you.
You shoot a sling bullet.
The sling bullet hits the gnoll but does no damage.
The gnoll hits you but does no damage. The gnoll hits you with a +0 flail.
The gnoll hits you but does no damage. The gnoll misses you.
You shoot a sling bullet.
The sling bullet barely misses the gnoll.
The gnoll hits you from afar with a +0 spear.
The gnoll hits you but does no damage. The gnoll hits you with a +0 flail.
The gnoll hits you from afar with a +0 spear of chaos.
The gnoll freezes you. The gnoll barely misses you.
The gnoll hits you with a +0 flail.
The gnoll hits you with a +0 dagger of chaos.
You shoot a sling bullet. The sling bullet hits the gnoll.
The gnoll is heavily wounded.
The gnoll hits you from afar with a +0 spear of chaos.
A red film seems to cover your vision as you go berserk!
You feel yourself moving faster!
You feel mighty! The gnoll hits you but does no damage. The gnoll misses you.
The gnoll hits you but does no damage.
The gnoll hits you from afar with a +0 spear of chaos.
You feel a strong urge to attack something.
The gnoll closely misses you.
The gnoll hits you with a +0 dagger of chaos.
The gnoll freezes you. The gnoll hits you but does no damage.
The gnoll barely misses you. The gnoll hits you with a +0 flail.
You die...

.$.....
......#
.....# ....#
...# ...#
#########.(.#
#.......@g..#
#########gg.#
g..# .....
...#.~# ##.#
#~ .# ##


You could see 4 gnolls.

Vanquished Creatures
  Sigmund (D:2)
  Terence (D:2)
  A gnoll (D:5)
  An adder (D:2)
  A worm (D:1)
  A dart slug (D:1)
  4 orcs
  3 ball pythons
  2 bats
  6 endoplasms
  3 giant cockroaches
  7 goblins
  2 hobgoblins (D:1)
  7 quokkas
  3 frilled lizards (D:1)
  4 kobolds
  6 rats
53 creatures vanquished.

Notes
Turn   | Place    | Note
-------+----------+-------------------------------------------
     0 | D:1      | qw the Gargoyle Hexslinger began the quest for the Orb.
     0 | D:1      | Reached XP level 1. HP: 12/12 MP: 2/2
     0 | D:1      | 0 ||| qw: Version: 0.3-a-46-gb1f654a
     0 | D:1      | 0 ||| qw: Game counter: 2396
     0 | D:1      | 0 ||| qw: Melee chars always use a shield: true
     0 | D:1      | 0 ||| qw: God list: Okawaru
     0 | D:1      | 0 ||| qw: Allow faded altars: false
     0 | D:1      | 0 ||| qw: Do Orc after clearing Dungeon:15 true
     0 | D:1      | 0 ||| qw: Do second Lair branch before Depths: true
     0 | D:1      | 0 ||| qw: Lair rune preference: random
     0 | D:1      | 0 ||| qw: Goals: Normal
     0 | D:1      | 0 ||| PLANNING D:1-11
   100 | D:1      | Reached XP level 2. HP: 16/16 MP: 3/3
   217 | D:1      | Reached skill level 3 in Ranged Weapons
   292 | D:1      | Reached XP level 3. HP: 21/21 MP: 4/4
   553 | D:1      | Found Cek Ruas's General Store.
   565 | D:1      | 565 ||| SHOPLISTING potion of curing (36 gold, have 35).
   565 | D:1      | 565 ||| BUYING scroll of identify (24 gold).
   565 | D:1      | Bought a scroll of identify for 24 gold pieces
   565 | D:1      | 565 ||| SHOPLISTING scroll of teleportation (36 gold, have
                  | 11).
   651 | D:1      | 651 ||| UPGRADING to +0 ring mail.
   661 | D:1      | 661 ||| DROPPING +0 robe.
   662 | D:1      | 662 ||| UPGRADING to ring of willpower.
   663 | D:1      | 663 ||| READING scroll labelled OCSASTR TUEROIN.
   667 | D:1      | 667 ||| READING scroll labelled QYC WIGYIPTEAG.
   668 | D:1      | 668 ||| READING scroll labelled FIQOONT ZIEK.
   769 | D:1      | 769 ||| DROPPING scroll of poison.
   801 | D:2      | 801 ||| STAIRDANCE
   812 | D:1      | HP: 5/21 [hobgoblin (1)]
   822 | D:1      | HP: 4/21 [hobgoblin (2)]
   944 | D:2      | Noticed Terence
   959 | D:2      | Killed Terence
   960 | D:2      | Reached XP level 4. HP: 8/26 MP: 5/5
  1042 | D:2      | Noticed Sigmund
  1050 | D:2      | 1050 ||| READING 2 scrolls of identify.
  1050 | D:2      | 1050 ||| IDENTIFYING cyan potion
  1056 | D:2      | HP: 2/26 [Sigmund/puff of flame (7)]
  1060 | D:2      | Killed Sigmund
  1061 | D:2      | Reached XP level 5. HP: 2/30 MP: 6/6
  1230 | D:2      | Found a runed translucent door.
  1231 | D:2      | Noticed Crazy Yiuf
  1331 | D:2      | Reached XP level 6. HP: 32/35 MP: 7/7
  1636 | D:2      | 1636 ||| UPGRADING to ring of positive energy.
  1752 | D:3      | 1752 ||| FLEEEEING.
  1753 | D:3      | 1753 ||| FLEEEEING.
  1754 | D:3      | 1754 ||| FLEEEEING.
  1760 | D:3      | 1760 ||| FLEEEEING.
  1761 | D:3      | 1761 ||| FLEEEEING.
  1762 | D:3      | 1762 ||| FLEEEEING.
  1766 | D:3      | 1766 ||| FLEEEEING.
  1767 | D:3      | 1767 ||| FLEEEEING.
  1768 | D:3      | 1768 ||| FLEEEEING.
  1769 | D:3      | 1769 ||| FLEEEEING.
  1770 | D:3      | 1770 ||| FLEEEEING.
  1771 | D:3      | 1771 ||| STAIRDANCE
  1834 | D:2      | 1834 ||| READING scroll labelled GEUMUSOTEFI.
  1878 | D:3      | 1878 ||| STAIRDANCE
  1970 | D:3      | You fall into a shaft and drop 2 floors!
  1970 | D:5      | Entered Level 5 of the Dungeon
  1984 | D:5      | HP: 8/35 [gnoll/+0 dagger of chaos (4)]
  1987 | D:5      | HP: 2/52 [gnoll/+0 dagger of chaos (2)]
  1988 | D:5      | Slain by a gnoll

Levels and vault maps discovered:
D:1:      dpeg_arrival_oval, layout_basic, serial_shops, nicolae_lakefront_shop,
          st_stairs_1, minmay_misc_feat_pillars, grunt_decor_arrowhead
D:2:      layout_rooms, uniq_terence, uniq_sigmund, uniq_crazy_yiuf_cottage
D:3:      layout_loops_ring, due_unseen_surprise
D:5:      layout_rooms, nemelex_xobeh_ov_fountains_minmay, tgw_xom,
          grunt_gozag_breadcrumbs

Skill      XL: |  1  2  3  4 |
---------------+-------------+-----
Ranged Weapons | 3 4 |  4.4
Fighting       | 2 |  2.0
Armour         | 4 |  4.2
Dodging        | |  1.5
Spellcasting   | |  1.0
Hexes          | |  2.6

Action                     |  1- 3 |  4- 6 || total
---------------------------+-------+-------++-------
   Fire: Sling             |   123 |    66 ||   189
    Use: Scroll            |     3 |     2 ||     5
 Armour: Robe              |     7 |       ||     7
         Ring mail         |    24 |    30 ||    54
  Dodge: Dodged            |    52 |    31 ||    83

Table legend:
 A = Non-vault XP
 B = Vault XP
 C = Vault XP percentage of total XP
 D = Non-vault monster count
 E = Vault monster count
 F = Vault count percentage of total count
                 A         B        C        D         E       F
            +---------+---------+-------+---------+---------+-------
      Total |     117 |     254 |  68.5 |      49 |       4 |   7.5
            +---------+---------+-------+---------+---------+-------
        D:1 |      54 |       4 |   6.9 |      29 |       2 |   6.5
        D:2 |      31 |     250 |  89.0 |      10 |       2 |  16.7
        D:3 |      18 |       0 |   0.0 |       9 |       0 |   0.0
        D:5 |      14 |       0 |   0.0 |       1 |       0 |   0.0
            +---------+---------+-------+---------+---------+-------
